 Seeded DCSS version 0.30.1-9-gdf580d7c3d (webtiles) character file.

Game seed: 5 (custom seed)

2732 Kazon the Fiendish (level 9, -2/78 (80) HPs)
             Began as a Naga Fighter on Oct 10, 2023.
             Was a Priest of Makhleb.
             Slain by a wight
             ... wielding a +4 trident
              (8 damage)
             ... on level 7 of the Dungeon on Oct 12, 2023.
             The game lasted 00:35:21 (4597 turns).

Kazon the Fiendish (Naga Fighter)                   Turns: 4597, Time: 00:35:22

HP:   -2/78 (80)    AC:  8    Str: 24    XL:     9   Next: 67%
MP:   22/22         EV:  8    Int:  8    God:    Makhleb [***...]
Gold: 329           SH: 10    Dex: 16    Spells: 8/8 levels left

rFire   . . .        h - +0 whip (holy)
rCold   . . .        c - +0 buckler
rNeg    . . .        b - +0 scale mail
rPois   +            m - +0 helmet
rElec   .            (no cloak)
rCorr   .            (no gloves)
SInv    +            (no barding)
Will    +....        n - amulet of reflection
Stlth   +            t - ring of magical power
HPRegen 0.33/turn    B - +6 ring of dexterity
MPRegen 0.18/turn

%: reflection
@: lightly drained, very slow
A: AC +3, large, see invisible, deformed body, poison resistance, slowness 2,
spit poison 1, naga tail 1
a: Spit Poison, Renounce Religion, Minor Destruction, Lesser Servant of Makhleb


You were on level 7 of the Dungeon.
You worshipped Makhleb.
Makhleb was most pleased with you.
You visited 2 branches of the dungeon, and saw 8 of its levels.
You also visited: Ossuary.

You collected 329 gold pieces.

Inventory:

Hand Weapons
 a - a +0 war axe
 e - a +2 vampiric dagger
 f - a +0 hand axe of flaming
 h - a +0 whip of holy wrath (weapon)
 v - a +0 vampiric hand axe
Missiles
 j - 10 boomerangs (quivered)
 q - 9 poisoned darts
 y - a stone
Armour
 b - a +0 scale mail (worn)
 c - a +0 buckler (worn)
 i - a +0 tower shield
 m - a +0 helmet (worn)
Jewellery
 n - an amulet of reflection (around neck)
 t - a ring of magical power (left hand)
 B - a +6 ring of dexterity (right hand)
Wands
 z - a wand of paralysis (7)
Scrolls
 g - a scroll of fog {unknown}
 l - 4 scrolls of identify {unknown}
 o - 2 scrolls of magic mapping {unknown}
 p - a scroll of teleportation
 r - a scroll of blinking {unknown}
 s - 2 scrolls of summoning {unknown}
 x - a scroll of torment {unknown}
 A - a scroll of amnesia {unknown}
 F - a scroll of poison {unknown}
 H - a scroll of enchant armour {unknown}
 M - 2 scrolls of fear {unknown}
 N - a scroll of enchant weapon {unknown}
Potions
 d - a potion of might
 k - 4 potions of curing
 u - 5 potions of flight {unknown}
 w - 2 potions of invisibility {unknown}
 C - 4 potions of heal wounds {unknown}
 D - a potion of lignification {unknown}
 E - 4 potions of attraction {unknown}
 G - 2 potions of berserk rage {unknown}
 I - a potion of magic
 J - a potion of resistance {unknown}
 K - a potion of haste {unknown}
 L - 2 potions of brilliance {unknown}


   Skills:
 + Level 4.9 Fighting
 + Level 1.0 Short Blades
 + Level 5.6(5.9) Axes
 + Level 2.5(4.4) Maces & Flails
 + Level 2.9 Throwing
 + Level 4.5 Armour
 + Level 1.5 Dodging
 + Level 2.8 Stealth
 + Level 4.5 Shields
 + Level 6.0 Invocations
 * Level 4.2 Evocations


You had 8 spell levels left.
You didn't know any spells.
Your spell library contained the following spells:

 Spells                   Type           Power      Damage    Failure   Level
 Frozen Ramparts          Ice            0%         1d1       98%         3
 Ignite Poison            Fire/Tmut/Pois 0%         N/A       98%         3
 Ice Form                 Ice/Tmut       0%         N/A       100%        4
 Sticky Flame             Conj/Fire      0%         2d3       100%        4
 Summon Ice Beast         Ice/Summ       0%         N/A       100%        4
 Summon Forest            Summ/Tloc      0%         N/A       100%        5
 Eringya's Noxious Bog    Tmut/Pois      0%         N/A       100%        6
 Summon Hydra             Summ           0%         N/A       100%        7
 Ignition                 Fire           0%         3d3       100%        8


Dungeon Overview and Level Annotations

Branches:
Dungeon (7/15)             Temple (1/1) D:4         Ossuary (visited)

Altars:
Dithmenos
Fedhas
Gozag
Hepliaklqana
Makhleb
Okawaru
Qazlal
Wu Jian
Xom
The Shining One


Innate Abilities, Weirdness & Mutations

Your serpentine skin is tough. (AC +3)
You have supernaturally acute eyesight. (SInv)
Armour fits poorly on your strangely shaped body.
Your system is resistant to poisons. (rPois)
You cover ground very slowly.
You can spit poison.
You have a snake-like lower body.


Message History

Throw: 11 boomerangs
Press: ? - help, Q - select action, (/) - cycle Shift-Dir - straight line, f - wight
Aim: a wight, wielding a +2 mace and wearing a +0 robe (moderately damaged, ally target, 63% to hit)
You throw a boomerang. The boomerang barely misses the wight.
Unknown command.
The wight attacks as you move away! You block the wight's attack.
Your neqoxec closely misses the wight.
The wight hits you with a +2 mace.
* * * LOW HITPOINT WARNING * * *
The wight attacks as you move away! You block the wight's attack.
Your neqoxec completely misses the wight.
The wight hits your neqoxec with a +2 mace.
Your neqoxec hits the wight!
Your neqoxec closely misses the wight.
The wight barely misses your neqoxec.
Throw: 10 boomerangs
Press: ? - help, Q - select action, (/) - cycle Shift-Dir - straight line, f/p - wight
Aim: a wight, wielding a +2 mace and wearing a +0 robe (almost destroyed, not watching you, ally target, 63% to hit)
You throw a boomerang. The boomerang hits the wight.
You destroy the wight!
Makhleb accepts your kill.
You feel better.
Your neqoxec hits the wight but does no damage.
The wight hits your neqoxec with a +3 mace.
Your Invocations skill increases to level 6!
Unknown command.
Your neqoxec hits the wight but does no damage.
The wight hits your neqoxec with a +3 mace!
Your neqoxec hits the wight but does no damage.
The wight barely misses your neqoxec.
Your neqoxec hits the wight. You block the wight's attack.
The wight hits your neqoxec with a +3 mace!
It was a potion of curing.
You feel better.
Your neqoxec closely misses the wight.
The wight hits your neqoxec with a +3 mace!
Your neqoxec dies!
Your neqoxec disappears in a puff of smoke!
The wight hits you from afar with a +4 trident.
* * * LOW HITPOINT WARNING * * *
A demon appears!
The wight hits you from afar with a +4 trident!
You die...

#.# ##......#
#.[.# #.# #.#
##...#.# #.#># #.#
#.# #####.# #z#.#
#.# #.# #.#
#z#.#######.# #.#
#.# #.).........#
..# #.#
#.########### ..#
#.# #z#
#.#########.# #.#
#...........# #@#
############# #4#
################.#
..............<..#
##################


You could see 3 wights and a friendly orange demon (summoned).

Vanquished Creatures
  Sigmund (D:4)
  Duvessa (D:6)
  A water moccasin (D:6)
  A sky beast (D:7)
  3 black bears
  2 centaurs
  An ogre (D:5)
  An elf zombie (Ossuary)
  A kobold brigand (D:7)
  3 scorpions
  2 wights (D:7)
  3 killer bees (D:7)
  Dowan (D:6)
  A howler monkey (D:6)
  A vampire bat (D:7)
  5 hounds
  A centaur zombie (Ossuary)
  3 orc priests (D:6)
  3 human zombies (Ossuary)
  A jelly (D:5)
  6 iguanas
  4 orc wizards (D:6)
  4 ogre zombies (Ossuary)
  7 mummies (Ossuary)
  4 gnolls (D:5)
  9 adders
  A white imp (D:7)
  2 ufetubi
  A worm zombie (D:7)
  2 adder zombies (Ossuary)
  3 worms
  14 orcs
  12 bats
  9 endoplasms
  A giant cockroach (D:1)
  12 goblins
  7 hobgoblins
  11 jackals
  10 kobolds
  3 quokkas (D:4)
  6 ball pythons
  3 frilled lizards
  4 goblin zombies (Ossuary)
  6 hobgoblin zombies
  3 kobold zombies
  4 quokka zombies (Ossuary)
  4 rats
  4 rat zombies (Ossuary)
192 creatures vanquished.

Notes
Turn   | Place    | Note
-------+----------+-------------------------------------------
     0 | D:1      | Kazon the Naga Fighter began the quest for the Orb.
     0 | D:1      | Reached XP level 1. HP: 21/21 MP: 1/1
    35 | D:1      | Identified a scroll of acquirement
    35 | D:1      | Acquired an amulet of reflection
    58 | D:1      | Reached XP level 2. HP: 23/28 MP: 2/2
   309 | D:1      | Reached XP level 3. HP: 24/34 MP: 3/3
   958 | D:2      | Reached skill level 1 in Stealth
   997 | D:2      | Reached XP level 4. HP: 37/42 MP: 4/4
  1273 | D:2      | Reached skill level 1 in Throwing
  1339 | D:2      | You fall into a shaft and drop 1 floor!
  1576 | D:3      | Found a blossoming altar of Fedhas.
  1604 | D:3      | Reached XP level 5. HP: 49/49 MP: 5/5
  1698 | D:3      | Found a stormy altar of Qazlal.
  1844 | D:3      | Identified the +2 sling "Qeuhanocyt" {speed, rElec Str-3
                  | Dex+2}
  1863 | D:3      | Found a faded altar of an unknown god.
  1972 | D:4      | Found a staircase to the Ecumenical Temple.
  1980 | Temple   | Entered the Ecumenical Temple
  1997 | Temple   | Became a worshipper of Makhleb the Destroyer
  2049 | D:4      | Noticed Sigmund
  2062 | D:4      | Killed Sigmund
  2063 | D:4      | Reached skill level 1 in Invocations
  2063 | D:4      | Reached XP level 6. HP: 36/56 MP: 6/6
  2088 | D:4      | Noticed a black bear
  2103 | D:4      | Killed a black bear
  2120 | D:4      | Found a hazy altar of Hepliaklqana.
  2148 | D:4      | Found a shadowy altar of Dithmenos.
  2148 | D:4      | Noticed a shadow
  2288 | D:4      | Reached skill level 2 in Invocations
  2288 | D:4      | Reached XP level 7. HP: 63/63 MP: 8/8
  2608 | D:4      | Reached skill level 1 in Evocations
  2630 | D:4      | Reached skill level 1 in Short Blades
  2750 | D:5      | Entered Level 5 of the Dungeon
  2925 | D:5      | Reached skill level 1 in Dodging
  2931 | D:5      | Reached * piety under Makhleb
  2948 | D:5      | Reached skill level 3 in Invocations
  2952 | D:5      | Reached XP level 8. HP: 72/72 MP: 10/10
  3209 | D:6      | Noticed Dowan
  3209 | D:6      | Noticed Duvessa
  3223 | D:6      | Killed Dowan
  3230 | D:6      | Killed Duvessa
  3354 | D:6      | Reached skill level 4 in Invocations
  3380 | D:6      | Found a shimmering altar of Xom.
  3451 | D:6      | Reached skill level 5 in Axes
  3620 | D:6      | Reached ** piety under Makhleb
  3627 | D:6      | Reached skill level 5 in Invocations
  3692 | D:7      | Reached XP level 9. HP: 54/78 MP: 12/12
  3874 | D:7      | Found a sand-covered staircase.
  3902 | Ossuary  | Entered an ossuary
  3998 | Ossuary  | Reached *** piety under Makhleb
  4117 | Ossuary  | Reached skill level 1 in Maces & Flails
  4590 | D:7      | HP: 3/77 [wight/+2 mace (6)]
  4594 | D:7      | Reached skill level 6 in Invocations
  4597 | D:7      | Slain by a wight

Illustrated notes

Levels and vault maps discovered:
D:1:      ebering_trefoil_3fold, layout_basic, st_stairs_14, serial_bayou_ford_a
D:2:      layout_basic, hangedman_decor_growths, minmay_close_crescents
D:3:      layout_rooms, mainiacjoe_overflow_concentric_impassable,
          mainiacjoe_overflow_paths, shapermc_ecumenical_altar_acropolis,
          chequers_serial_rivers_micro_b
D:4:      layout_basic, riverfiend_overflow_shadow_ancestor,
          minmay_temple_entry_glass, uniq_sigmund
D:5:      layout_gridville
D:6:      layout_basic, xom_teletrap_fun, uniq_duvessa
D:7:      layout_loops_ring, enter_ossuary_3, roderic_batcave
Temple:   nicolae_temple_elliptical

Skill      XL: |  1  2  3  4  5  6  7  8  9 |
---------------+----------------------------+-----
Stealth        | 1 2 |  2.8
Armour         | 3 4 |  4.5
Throwing       | 1 2 |  2.9
Shields        | 3 4 |  4.5
Axes           | 3 4 5 |  5.6
Invocations    | 1 2 3 5 6 |  6.0
Evocations     | 2 3 4 |  4.2
Short Blades   | 1 |  1.0
Dodging        | 1 |  1.5
Fighting       | 4 |  4.9
Maces & Flails | 2 |  2.5

Action                     |  1- 3 |  4- 6 |  7- 9 || total
---------------------------+-------+-------+-------++-------
  Melee: War axe           |    88 |    72 |       ||   160
         Dagger            |       |    25 |       ||    25
         Hand axe          |       |    10 |   247 ||   257
         Whip              |       |       |   166 ||   166
  Throw: Boomerang         |     4 |       |    12 ||    16
         Stone             |     1 |    12 |    40 ||    53
         Dart              |       |     3 |    19 ||    22
 Invoke: Minor Destruction |       |       |    27 ||    27
         Lesser Servant of |       |       |     3 ||     3
Ability: Spit Poison       |    24 |    26 |    57 ||   107
  Evoke: Wand              |       |       |     1 ||     1
    Use: Scroll            |     2 |     1 |       ||     3
         Potion            |     1 |       |     1 ||     2
 Armour: Scale mail        |    26 |    42 |   136 ||   204
  Dodge: Dodged            |    23 |    23 |   113 ||   159
  Block: Buckler           |    28 |    51 |   210 ||   289
         Reflection        |     1 |     1 |     6 ||     8
